 Dungeon Crawl Stone Soup version 0.21.1-1-g345015f (webtiles) character file.

177671 tidbits the Martial Artist (level 17, 0/172 HPs)
             Began as a Gnoll Transmuter on Mar 21, 2018.
             Was a High Priest of Cheibriados.
             Slain by an acid blob (8 damage)
             ... on level 2 of the Pits of Slime.
             The game lasted 02:05:47 (7778 turns).

tidbits the Martial Artist (Gnoll Transmuter)       Turns: 7778, Time: 02:05:47

Health: 0/172      AC: 19    Str: 28    XL:     17   Next: 51%
Magic:  13/26      EV: 25    Int: 36    God:    Cheibriados [*****.]
Gold:   1284       SH: 18    Dex: 30    Spells: 12/40 levels left

rFire    . . .     SeeInvis .   a - +11 rapier of Ucliqy {pierce, MR+ Dex+3 Stlth+}
rCold    + . .     Gourm    .   D - +0 shield
rNeg     + . .     Faith    .   (armour currently unavailable)
rPois    ∞         Spirit   .   E - +1 helmet
rElec    +         Reflect  +   C - +2 cloak {+Inv}
rCorr    +         Harm     .   (gloves currently unavailable)
MR       ++...                  (boots currently unavailable)
Stlth    +++++++...             v - +3 amulet of reflection
HPRegen  0.38/turn              K - ring of resist corrosion
MPRegen  0.20/turn              u - ring of protection from cold

@: statue-form, corroded, very slightly contaminated, very slow
A: distributed training, fangs 1, blurry vision 1, clever 1, low mp 2, strong 1,
strong nose
}: 2/15 runes: serpentine, barnacled
a: End Transformation, Bend Time, Temporal Distortion, Slouch, Step From Time,
Renounce Religion, Evoke Invisibility


You were on level 2 of the Pits of Slime.
You worshipped Cheibriados.
Cheibriados was extremely pleased with you.
You were full.
You were a stone statue.
You visited 6 branches of the dungeon, and saw 31 of its levels.

You collected 2205 gold pieces.
You spent 921 gold pieces at shops.

Inventory:

Hand Weapons
 a - the +11 rapier of Ucliqy (weapon) {pierce, MR+ Dex+3 Stlth+}
   (You found it on level 9 of the Dungeon)

   It inflicts extra damage upon your enemies.
   It affects your dexterity (+3).
   It affects your resistance to hostile enchantments.
   It makes you more stealthy.
 P - the +8 hand crossbow "Demonbane" {flame, +Fly Str-5 Dex+5}
   (You found it on level 11 of the Dungeon)

   It causes projectiles fired from it to burn those they strike, causing extra
   injury to most foes and up to half again as much damage against particularly
   susceptible opponents.
   It affects your strength (-5).
   It affects your dexterity (+5).
   It lets you fly.
 V - a +3 demon whip of pain
   (You took it off Mara on level 4 of the Snake Pit)
Missiles
 m - 4 tomahawks of dispersal {!f}
 n - 4 throwing nets {!f}
 w - 11 javelins of returning (quivered)
 I - 326 arrows
 R - 257 bolts
Armour
 C - a +2 cloak of invisibility (worn)
   (You bought it in a shop on level 5 of the Dungeon)
 D - a +0 shield (worn)
 E - a +1 helmet (worn)
 F - the +1 pair of boots of the Hunter (melded) {rC+}
   (You found it on level 11 of the Dungeon)

   It protects you from cold.
 G - a +2 pair of gloves of archery (melded)
   (You found it on level 11 of the Dungeon)
 O - the +6 scale mail of the Ward (melded) {+Inv rPois}
   (You found it on level 3 of the Snake Pit)

   It protects you from poison.
   It lets you turn invisible.
Magical Staves
 A - an uncursed staff of earth
   (You took it off Jorgrun on level 2 of the Snake Pit)
Jewellery
 f - an uncursed ring of protection from fire
   (You found it on level 5 of the Dungeon)
 u - a ring of protection from cold (right hand)
   (You found it on level 5 of the Dungeon)
 v - a +3 amulet of reflection (around neck)
   (You found it on level 5 of the Dungeon)
 K - a ring of resist corrosion (left hand)
   (You found it on level 6 of the Dungeon)
Wands
 d - a wand of digging (20)
 e - a wand of paralysis (13)
 k - a wand of polymorph (27)
 H - a wand of flame (88)
Scrolls
 i - a scroll of identify
 o - 2 scrolls of fog
 q - 2 scrolls of teleportation
 r - 7 scrolls of remove curse
 x - 3 scrolls of fear
 y - a scroll of immolation
 J - 3 scrolls of amnesia
 M - 2 scrolls of brand weapon
 U - a scroll of holy word
Potions
 h - 2 potions of lignification
 t - 3 potions of curing
 N - 4 potions of brilliance
 Q - a potion of ambrosia
 X - a potion of might
 Z - a potion of heal wounds
Miscellaneous
 b - a phantom mirror
 j - a lamp of fire
 p - a crystal ball of energy
 Y - a phial of floods
Comestibles
 c - 29 rations


   Skills:
 + Level 11.6 Fighting
 + Level 11.4 Short Blades
 + Level 11.4 Long Blades
 + Level 11.4 Axes
 + Level 11.4 Maces & Flails
 + Level 11.4 Polearms
 + Level 11.4 Staves
 + Level 11.4 Slings
 + Level 11.4 Bows
 + Level 11.4 Crossbows
 + Level 11.4 Throwing
 + Level 11.4 Armour
 + Level 12.1 Dodging
 + Level 11.4 Stealth
 + Level 11.4 Shields
 + Level 12.9 Unarmed Combat
 + Level 12.3 Spellcasting
 + Level 9.7 Conjurations
 + Level 9.7 Hexes
 + Level 9.7 Charms
 + Level 9.7 Summonings
 + Level 9.7 Necromancy
 + Level 9.7 Translocations
 + Level 10.4 Transmutations
 + Level 9.7 Fire Magic
 + Level 9.7 Ice Magic
 + Level 9.7 Air Magic
 + Level 9.7 Earth Magic
 + Level 9.7 Poison Magic
 + Level 12.3 Invocations
 + Level 11.4 Evocations


You had 12 spell levels left.
You knew the following spells:

 Your Spells              Type           Power        Failure   Level  Hunger
h - Blade Hands           Tmut           #######...   1%          5    None
i - Summon Ice Beast      Ice/Summ       #######.     1%          4    None
k - Sticks to Snakes      Tmut           #######.     1%          2    None
l - Lesser Beckoning      Tloc           #######...   1%          3    None
p - Spider Form           Tmut/Pois      #######...   1%          3    None
s - Statue Form           Tmut/Erth      #######..    7%          6    ###....
R - Irradiate             Conj/Tmut      #######...   1%          5    None


Dungeon Overview and Level Annotations

Branches:
Dungeon (14/15)            Temple (1/1) D:6            Lair (6/6) D:10
 Shoals (4/4) Lair:2        Snake (4/4) Lair:4        Slime (2/5) Lair:6
    Orc: D:9-12      Vaults: D:13-14

Altars:
Ashenzari
Cheibriados
Dithmenos
Elyvilon
Fedhas
Gozag
Hepliaklqana
Kikubaaqudgha
Makhleb
Nemelex Xobeh
Okawaru
Ru
Sif Muna
Vehumet
Wu Jian
Xom
Yredelemnul
Zin
The Shining One

Shops:
D:5 :[!((   D:6 %(   D:7 [   D:9 *   Snake:4 [

Annotations:
D:8 exclusion: slime creature
Shoals:4 exclusion: water nymph


Innate Abilities, Weirdness & Mutations

Your experience applies equally to all skills.
You have very sharp teeth.
Your uncanny sense of smell can sniff out nearby items.
Scrolls take you a little longer to read.
Your mind is acute. (Int +2)
Your magical capacity is very low. (-20% MP)
Your muscles are strong. (Str +2)


Message History

You hit the slime creature.
You bite the slime creature, but do no damage.
The slime creature is heavily wounded.
Two slime creatures merge to form a large slime creature.
Two slime creatures merge to form a very large slime creature.
Two slime creatures merge to form an enormous slime creature.
The slime creature misses you. The slime creature closely misses you.
Unknown command.
Evoke which item? (* to show all) (? for menu, Esc to quit)
Aiming: Paralyse
Press: ? - help, Shift-Dir - straight line, f - enormous slime creature
Aim: an enormous slime creature (chance to defeat MR: 58%)
The enormous slime creature resists with significant effort.
Two slime creatures merge to form a large slime creature.
You block the slime creature's attack. The eye of draining gazes at you.
You feel your power leaking away.
An acid blob and an eye of draining come into view.
Okay, then.
Evoke which item? (* to show all) (? for menu, Esc to quit)
Aiming: Paralyse
Press: ? - help, Shift-Dir - straight line, f/p - enormous slime creature
Aim: an enormous slime creature (chance to defeat MR: 58%)
The enormous slime creature suddenly stops moving!
The eye of draining turns its gaze towards you.
The acid blob quivers.
You block the slime creature's attack.
Two slime creatures merge to form a large slime creature.
Two slime creatures merge to form a very large slime creature.
The eye of draining gazes at you. x2
You block the large slime creature's attack.
Unknown command.
You puncture the eye of draining!
The eye of draining is heavily wounded.
The large slime creature hits you!!
* * * LOW HITPOINT WARNING * * *
Unknown command.
You impale the eye of draining!!
You bite the eye of draining, but do no damage.
The eye of draining is almost dead.
A very large slime creature splits.
The eye of draining gazes at you.
Unknown command.
Okay, then.
Unknown command.
The helpless enormous slime creature fails to defend itself.
You spit the enormous slime creature like a pig!!!!
The enormous slime creature is severely wounded.
You block the large slime creature's attack. x2
The slime creature completely misses you.
Unknown command.
The helpless enormous slime creature fails to defend itself.
You stick the enormous slime creature like a pincushion!!!!
You kill the enormous slime creature!
The eye of draining gazes at you.
You feel your power leaking away. The slime creature closely misses you.
You block the large slime creature's attack.
The eye of draining gazes at you.
Unknown command.
You puncture the eye of draining!
You kill the eye of draining!
Cheibriados appreciates the change of pace.
The acid blob hits you.
* * * LOW HITPOINT WARNING * * *
You are splashed with acid!
The acid burns!
You resist.
* * * LOW HITPOINT WARNING * * *
A large slime creature splits.
You block the slime creature's attack.
The large slime creature completely misses you.
A slime creature comes into view.
Okay, then.
Unknown command.
Okay, then.
Unknown command.
Okay, then.
Unknown command.
Okay, then.
Unknown command.
Unknown command.
Magic courses through your body. The acid blob hits you.
* * * LOW HITPOINT WARNING * * *
The acid corrodes you!
You are splashed with acid!
The acid burns!
You resist.
* * * LOW HITPOINT WARNING * * *
The slime creature hits you!
* * * LOW HITPOINT WARNING * * *
You block the slime creature's attack. x2; The large slime creature hits you!!
* * * LOW HITPOINT WARNING * * *
The acid blob spits acid at you. The splash of acid misses you.
The eye of draining gazes at you.
You feel your power leaking away.
Unknown command.
Okay, then.
Unknown command.
Unknown command.
You can feel time thicken for a moment.
You feel somewhat less full.
Cheibriados lowers the support of your attributes as your movement quickens.
The slime creature completely misses you.
You block the slime creature's attack. The acid blob hits you!
You die...

##. .. .# #.....
..# ##..#.## ##
...##......##.#.
................
................
#...............
.......JJ.G.....
...#..8J.......
#...JJ.......
#........>......
................
................
.........J......
............#...
#....#.......#..
.......#....#..


You could see an acid blob, a large slime creature, 4 slime creatures and an eye
of draining.

Vanquished Creatures
  Mara (Snake:4)
  Nikola (Snake:4)
  Jorgrun (Snake:2)
  The ghost of VLARC the Fetichist, an adept HaHu of Dithmenos (Snake:4)
  3 acid blobs
  7 nagarajas (Snake:4)
  Kirke (Lair:3)
  An azure jelly (Slime:1)
  3 merfolk javelineers (Shoals:4)
  A fire dragon (Lair:6)
  A death ooze (Slime:2)
  2 merfolk impalers
  9 naga warriors
  3 hydras
  Fannar (Lair:2)
  2 merfolk aquamancers (Shoals:4)
  5 centaur warriors
  3 merfolk avatars
  5 anacondas
  2 alligator snapping turtles (Shoals:4)
  2 two-headed ogres
  11 death yaks (Lair:6)
  7 shock serpents
  9 naga sharpshooters
  A deep elf knight (D:11)
  A fire crab (Lair:6)
  Nergalle (Lair:1)
  A salamander mystic (Snake:2)
  2 deep elf archers (D:11)
  An unseen horror (D:12)
  6 sea snakes
  7 naga ritualists
  15 mana vipers
  3 harpies (Shoals:3)
  An orc knight (D:11)
  An ugly thing (D:12)
  2 fauns (Shoals:2)
  4 salamanders
  2 shining eyes
  A cyclops (Shoals:3)
  17 slime creatures
  An oklob plant (Lair:2)
  2 manticores
  5 water nymphs
  7 elephants
  16 black mambas
  5 merfolk sirens
  Psyche (D:10)
  A centaur zombie (D:12)
  2 molten gargoyles (Lair:6)
  A guardian serpent (Snake:4)
  4 spiny frogs
  19 naga magi
  A rime drake (Lair:6)
  An efreet (D:13)
  8 komodo dragons
  2 trolls
  12 merfolk
  2 wind drakes (Shoals:4)
  11 blink frogs
  6 hippogriffs
  The ghost of PipsiMox the Slasher, an amateur OpCK of Xom (D:5)
  15 dream sheep
  3 snapping turtles
  Sigmund (D:4)
  3 wyverns
  3 water elementals
  4 hogs
  6 basilisks
  9 yaks
  A human (D:9)
  A hungry ghost (D:12)
  3 steam dragons
  6 hell hounds
  35 nagas
  4 porcupines
  8 water moccasins
  8 orc warriors
  3 sky beasts
  A hornet zombie (D:12)
  2 eyes of draining
  6 ice beasts
  2 phantoms
  2 ogres
  A centaur (D:12)
  3 wolves (Lair:5)
  Blork the orc (D:5)
  7 crocodiles
  14 bullfrogs
  A big kobold (D:9)
  2 scorpions
  14 killer bees
  2 howler monkeys
  An electric eel (Lair:6)
  8 wights
  4 crimson imps
  3 lava snakes (Lair:6)
  5 orc priests
  4 bullfrog skeletons
  2 bullfrog zombies
  7 centaur skeletons
  3 hounds
  4 jellies
  6 orc wizards
  Jessica (D:2)
  An iguana (D:5)
  5 worker ants
  Robin (D:2)
  4 gnolls
  5 adders
  A shadow imp (D:5)
  3 oozes
  2 adder skeletons
  3 leopard geckos
  21 orcs
  2 ball pythons
  A bat (D:2)
  A giant cockroach (D:3)
  5 hobgoblins
  6 jackals
  4 kobolds
  A quokka (D:2)
  A frilled lizard (D:3)
  10 goblins
  A jackal skeleton (D:4)
  A quokka skeleton (D:8)
  2 rats
  A bush (Lair:2)
557 creatures vanquished.

Vanquished Creatures (collateral kills)
  A naga warrior (Snake:4)
  A hog (D:9)
  A hell hound (D:10)
  2 orc warriors (D:11)
  An eye of draining (D:12)
  A bullfrog (Lair:2)
  A howler monkey (D:5)
  A crimson imp (D:5)
  2 centaur skeletons (D:12)
  An adder (D:10)
  An adder zombie (D:9)
  3 orcs
  A giant cockroach (D:2)
  A frilled lizard (D:2)
18 creatures vanquished.

Vanquished Creatures (others)
  2 merfolk javelineers
  A naga warrior (Snake:4)
  A centaur warrior (D:11)
  A naga sharpshooter (Snake:4)
  A faun (Shoals:2)
  A naga mage (Snake:4)
  2 black mambas (Snake:4)
  A dream sheep (Lair:4)
  A wyvern (Lair:6)
  4 humans
  4 fungi (Lair:6)
  A plant (Lair:6)
20 creatures vanquished.

Grand Total: 595 creatures vanquished

Notes
Turn   | Place    | Note
-------+----------+-------------------------------------------
     0 | D:1      | tidbits the Gnoll Transmuter began the quest for the Orb.
     0 | D:1      | Reached XP level 1. HP: 17/17 MP: 6/6
    66 | D:2      | Noticed Jessica
   161 | D:2      | Reached XP level 2. HP: 20/23 MP: 7/7
   165 | D:2      | Learned a level 2 spell: Sticks to Snakes
   171 | D:2      | Noticed Robin
   187 | D:2      | Killed Robin
   191 | D:2      | Reached XP level 3. HP: 23/28 MP: 1/9
   194 | D:2      | Reached skill level 5 in Spellcasting
   252 | D:2      | Learned a level 3 spell: Spider Form
   272 | D:2      | Killed Jessica
   272 | D:2      | Reached skill level 1 in Short Blades
   272 | D:2      | Reached skill level 1 in Long Blades
   272 | D:2      | Reached skill level 1 in Axes
   272 | D:2      | Reached skill level 1 in Maces & Flails
   272 | D:2      | Reached skill level 1 in Polearms
   272 | D:2      | Reached skill level 1 in Staves
   272 | D:2      | Reached skill level 1 in Slings
   272 | D:2      | Reached skill level 1 in Bows
   272 | D:2      | Reached skill level 1 in Crossbows
   272 | D:2      | Reached skill level 1 in Throwing
   272 | D:2      | Reached skill level 1 in Armour
   272 | D:2      | Reached skill level 1 in Stealth
   272 | D:2      | Reached skill level 1 in Shields
   272 | D:2      | Reached skill level 1 in Invocations
   272 | D:2      | Reached skill level 1 in Evocations
   278 | D:2      | Reached XP level 4. HP: 31/34 MP: 3/11
   510 | D:4      | Noticed a sky beast
   528 | D:4      | Killed a sky beast
   528 | D:4      | Reached skill level 3 in Fighting
   528 | D:4      | Reached skill level 1 in Conjurations
   528 | D:4      | Reached skill level 1 in Hexes
   528 | D:4      | Reached skill level 1 in Charms
   528 | D:4      | Reached skill level 1 in Summonings
   528 | D:4      | Reached skill level 1 in Necromancy
   528 | D:4      | Reached skill level 1 in Translocations
   528 | D:4      | Reached skill level 1 in Fire Magic
   528 | D:4      | Reached skill level 1 in Ice Magic
   528 | D:4      | Reached skill level 1 in Air Magic
   528 | D:4      | Reached skill level 1 in Earth Magic
   528 | D:4      | Reached skill level 1 in Poison Magic
   528 | D:4      | Reached XP level 5. HP: 20/41 MP: 1/12
   542 | D:4      | Noticed an ogre
   586 | D:4      | Noticed Sigmund
   593 | D:4      | Killed Sigmund
   593 | D:4      | Reached skill level 5 in Dodging
   593 | D:4      | Reached skill level 4 in Transmutations
   593 | D:4      | Reached skill level 2 in Invocations
   593 | D:4      | Reached XP level 6. HP: 33/47 MP: 5/14
   672 | D:5      | Entered Level 5 of the Dungeon
   684 | D:5      | Reached skill level 2 in Short Blades
   684 | D:5      | Reached skill level 2 in Long Blades
   684 | D:5      | Reached skill level 2 in Axes
   684 | D:5      | Reached skill level 2 in Maces & Flails
   684 | D:5      | Reached skill level 2 in Polearms
   684 | D:5      | Reached skill level 2 in Staves
   684 | D:5      | Reached skill level 2 in Slings
   684 | D:5      | Reached skill level 2 in Bows
   684 | D:5      | Reached skill level 2 in Crossbows
   684 | D:5      | Reached skill level 2 in Throwing
   684 | D:5      | Reached skill level 2 in Armour
   684 | D:5      | Reached skill level 2 in Stealth
   684 | D:5      | Reached skill level 2 in Shields
   684 | D:5      | Reached skill level 2 in Evocations
   718 | D:5      | Noticed a sky beast
   724 | D:5      | Reached XP level 7. HP: 47/52 MP: 5/15
   729 | D:5      | Reached skill level 7 in Unarmed Combat
   732 | D:5      | Gained mutation: You are agile. (Dex +2) [potion of mutation]
   732 | D:5      | Gained mutation: You are very agile. (Dex +4) [potion of mutation]
   736 | D:5      | Reached skill level 2 in Conjurations
   736 | D:5      | Reached skill level 2 in Hexes
   736 | D:5      | Reached skill level 2 in Charms
   736 | D:5      | Reached skill level 2 in Summonings
   736 | D:5      | Reached skill level 2 in Necromancy
   736 | D:5      | Reached skill level 2 in Translocations
   736 | D:5      | Reached skill level 2 in Fire Magic
   736 | D:5      | Reached skill level 2 in Ice Magic
   736 | D:5      | Reached skill level 2 in Air Magic
   736 | D:5      | Reached skill level 2 in Earth Magic
   736 | D:5      | Reached skill level 2 in Poison Magic
   756 | D:5      | Found Worez's Distillery.
   758 | D:5      | Found Osutotipt's Armour Shoppe.
   788 | D:5      | Bought a potion of curing for 42 gold pieces
   788 | D:5      | Bought a potion of heal wounds for 70 gold pieces
   801 | D:5      | Noticed PipsiMox's ghost (amateur OpCK)
   808 | D:5      | Learned a level 4 spell: Ice Form
   816 | D:5      | Killed PipsiMox's ghost
   816 | D:5      | Reached skill level 3 in Invocations
   824 | D:5      | Reached XP level 8. HP: 35/60 MP: 1/16
   829 | D:5      | Found Rymmiak's Book Shop.
   870 | D:5      | Reached skill level 4 in Fighting
   876 | D:6      | Noticed Blork the orc
   882 | D:5      | Killed Blork the orc
   882 | D:5      | Reached skill level 3 in Short Blades
   882 | D:5      | Reached skill level 3 in Long Blades
   882 | D:5      | Reached skill level 3 in Axes
   882 | D:5      | Reached skill level 3 in Maces & Flails
   882 | D:5      | Reached skill level 3 in Polearms
   882 | D:5      | Reached skill level 3 in Staves
   882 | D:5      | Reached skill level 3 in Slings
   882 | D:5      | Reached skill level 3 in Bows
   882 | D:5      | Reached skill level 3 in Crossbows
   882 | D:5      | Reached skill level 3 in Throwing
   882 | D:5      | Reached skill level 3 in Armour
   882 | D:5      | Reached skill level 3 in Stealth
   882 | D:5      | Reached skill level 3 in Shields
   882 | D:5      | Reached skill level 3 in Evocations
   895 | D:6      | Reached skill level 6 in Spellcasting
  1010 | D:6      | Found Era Zotimo's Weapon Shoppe.
  1025 | D:5      | Found an ornate altar of the Wu Jian Council.
  1163 | D:5      | Found Uboemua's Antique Weapon Emporium.
  1217 | D:5      | Found Geoku's Antique Weapon Shoppe.
  1287 | D:6      | Found a staircase to the Ecumenical Temple.
  1294 | Temple   | Entered the Ecumenical Temple
  1331 | Temple   | Became a worshipper of Cheibriados the Contemplative
  1356 | D:6      | Found Rublas's Food Boutique.
  1403 | D:7      | Found Niaj's Antique Armour Boutique.
  1419 | D:7      | Lost mutation: You are very agile. (Dex +4) [potion of mutation]
  1419 | D:7      | Lost mutation: You are agile. (Dex +2) [potion of mutation]
  1419 | D:7      | Gained mutation: Your magical capacity is low. (-10% MP) [potion of mutation]
  1419 | D:7      | Gained mutation: You have sharp toenails. [potion of mutation]
  1433 | D:8      | Reached skill level 4 in Invocations
  1472 | D:9      | Got an ivory rapier
  1473 | D:9      | Identified the +11 rapier of Ucliqy {pierce, MR+ Dex+3 Stlth+} (You found it on level 9 of the Dungeon)
  1504 | D:10     | Entered Level 10 of the Dungeon
  1537 | D:9      | Reached skill level 3 in Conjurations
  1537 | D:9      | Reached skill level 3 in Hexes
  1537 | D:9      | Reached skill level 3 in Charms
  1537 | D:9      | Reached skill level 3 in Summonings
  1537 | D:9      | Reached skill level 3 in Necromancy
  1537 | D:9      | Reached skill level 3 in Translocations
  1537 | D:9      | Reached skill level 3 in Fire Magic
  1537 | D:9      | Reached skill level 3 in Ice Magic
  1537 | D:9      | Reached skill level 3 in Air Magic
  1537 | D:9      | Reached skill level 3 in Earth Magic
  1537 | D:9      | Reached skill level 3 in Poison Magic
  1564 | D:9      | Reached skill level 6 in Dodging
  1564 | D:9      | Reached XP level 9. HP: 50/66 MP: 13/16
  1612 | D:8      | Found a snail-covered altar of Cheibriados.
  1669 | D:8      | Reached skill level 5 in Transmutations
  1742 | D:8      | Found a glowing silver altar of Zin.
  1792 | D:8      | Reached * piety under Cheibriados
  1892 | D:5      | Bought a +0 cloak of invisibility for 149 gold pieces
  2000 | D:8      | Reached skill level 4 in Short Blades
  2000 | D:8      | Reached skill level 4 in Long Blades
  2000 | D:8      | Reached skill level 4 in Axes
  2000 | D:8      | Reached skill level 4 in Maces & Flails
  2000 | D:8      | Reached skill level 4 in Polearms
  2000 | D:8      | Reached skill level 4 in Staves
  2000 | D:8      | Reached skill level 4 in Slings
  2000 | D:8      | Reached skill level 4 in Bows
  2000 | D:8      | Reached skill level 4 in Crossbows
  2000 | D:8      | Reached skill level 4 in Throwing
  2000 | D:8      | Reached skill level 4 in Armour
  2000 | D:8      | Reached skill level 4 in Stealth
  2000 | D:8      | Reached skill level 4 in Shields
  2000 | D:8      | Reached skill level 4 in Evocations
  2135 | D:9      | Reached skill level 5 in Fighting
  2149 | D:9      | Found Zammer's Changing Room.
  2229 | D:10     | Noticed Psyche
  2237 | D:10     | Noticed a two-headed ogre
  2238 | D:10     | Killed Psyche
  2238 | D:10     | Reached skill level 8 in Unarmed Combat
  2299 | D:10     | Found a shattered altar of Ashenzari.
  2330 | D:10     | Found a staircase to the Lair.
  2340 | D:10     | Learned a level 5 spell: Blade Hands
  2348 | D:10     | Noticed a centaur warrior
  2353 | D:10     | Reached ** piety under Cheibriados
  2353 | D:10     | Reached skill level 5 in Invocations
  2361 | D:10     | Killed a centaur warrior
  2361 | D:10     | Reached skill level 7 in Spellcasting
  2361 | D:10     | Reached skill level 4 in Conjurations
  2361 | D:10     | Reached skill level 4 in Hexes
  2361 | D:10     | Reached skill level 4 in Charms
  2361 | D:10     | Reached skill level 4 in Summonings
  2361 | D:10     | Reached skill level 4 in Necromancy
  2361 | D:10     | Reached skill level 4 in Translocations
  2361 | D:10     | Reached skill level 4 in Fire Magic
  2361 | D:10     | Reached skill level 4 in Ice Magic
  2361 | D:10     | Reached skill level 4 in Air Magic
  2361 | D:10     | Reached skill level 4 in Earth Magic
  2361 | D:10     | Reached skill level 4 in Poison Magic
  2361 | D:10     | Reached XP level 10. HP: 47/74 MP: 13/18
  2409 | D:9      | Found the +7 Kryia's mail coat {PotionHeal*2 rC+}
  2441 | D:9      | Reached skill level 5 in Short Blades
  2441 | D:9      | Reached skill level 5 in Long Blades
  2441 | D:9      | Reached skill level 5 in Axes
  2441 | D:9      | Reached skill level 5 in Maces & Flails
  2441 | D:9      | Reached skill level 5 in Polearms
  2441 | D:9      | Reached skill level 5 in Staves
  2441 | D:9      | Reached skill level 5 in Slings
  2441 | D:9      | Reached skill level 5 in Bows
  2441 | D:9      | Reached skill level 5 in Crossbows
  2441 | D:9      | Reached skill level 5 in Throwing
  2441 | D:9      | Reached skill level 5 in Armour
  2441 | D:9      | Reached skill level 5 in Stealth
  2441 | D:9      | Reached skill level 5 in Shields
  2441 | D:9      | Reached skill level 5 in Evocations
  2530 | D:9      | Reached skill level 7 in Dodging
  2604 | D:10     | Reached *** piety under Cheibriados
  2634 | D:10     | Reached skill level 6 in Fighting
  2769 | D:11     | Found an iron altar of Okawaru.
  2769 | D:11     | Noticed an orc knight
  2807 | D:11     | Noticed a deep elf archer
  2808 | D:11     | Noticed a deep elf archer
  2810 | D:11     | Killed a deep elf archer
  2810 | D:11     | Reached skill level 6 in Transmutations
  2810 | D:11     | Reached skill level 6 in Invocations
  2811 | D:11     | Killed a deep elf archer
  2820 | D:11     | Noticed a centaur warrior
  2823 | D:11     | Noticed a deep elf knight
  2823 | D:11     | Noticed a centaur warrior
  2825 | D:11     | Noticed a centaur warrior
  2825 | D:11     | Noticed a centaur warrior
  2829 | D:11     | HP: 5/76 [deep elf knight/long sword (22)]
  2831 | D:11     | Killed a centaur warrior
  2831 | D:11     | Reached XP level 11. HP: 6/83 MP: 17/20
  2832 | D:11     | Killed a deep elf knight
  2837 | D:11     | Killed a centaur warrior
  2840 | D:11     | Killed a centaur warrior
  2840 | D:11     | Reached skill level 9 in Unarmed Combat
  2844 | D:11     | Reached skill level 6 in Short Blades
  2844 | D:11     | Reached skill level 6 in Long Blades
  2844 | D:11     | Reached skill level 6 in Axes
  2844 | D:11     | Reached skill level 6 in Maces & Flails
  2844 | D:11     | Reached skill level 6 in Polearms
  2844 | D:11     | Reached skill level 6 in Staves
  2844 | D:11     | Reached skill level 6 in Slings
  2844 | D:11     | Reached skill level 6 in Bows
  2844 | D:11     | Reached skill level 6 in Crossbows
  2844 | D:11     | Reached skill level 6 in Throwing
  2844 | D:11     | Reached skill level 6 in Armour
  2844 | D:11     | Reached skill level 6 in Stealth
  2844 | D:11     | Reached skill level 6 in Shields
  2844 | D:11     | Reached skill level 6 in Evocations
  2906 | D:11     | Reached skill level 5 in Conjurations
  2906 | D:11     | Reached skill level 5 in Hexes
  2906 | D:11     | Reached skill level 5 in Charms
  2906 | D:11     | Reached skill level 5 in Summonings
  2906 | D:11     | Reached skill level 5 in Necromancy
  2906 | D:11     | Reached skill level 5 in Translocations
  2906 | D:11     | Reached skill level 5 in Fire Magic
  2906 | D:11     | Reached skill level 5 in Ice Magic
  2906 | D:11     | Reached skill level 5 in Air Magic
  2906 | D:11     | Reached skill level 5 in Earth Magic
  2906 | D:11     | Reached skill level 5 in Poison Magic
  2957 | D:11     | Killed a centaur warrior
  2957 | D:11     | Reached skill level 8 in Spellcasting
  2983 | D:11     | Reached **** piety under Cheibriados
  2985 | D:11     | Got a translucent plate armour
  3023 | D:11     | Got a jewelled hand crossbow
  3065 | D:11     | Identified the +8 hand crossbow "Demonbane" {flame, +Fly Str-5 Dex+5} (You found it on level 11 of the Dungeon)
  3092 | D:11     | Killed an orc knight
  3109 | D:11     | Got a pair of translucent boots
  3115 | D:11     | Identified the +1 pair of boots of the Hunter {rC+} (You found it on level 11 of the Dungeon)
  3224 | D:12     | Noticed a purple ugly thing
  3228 | D:12     | Noticed a five-headed hydra
  3233 | D:12     | Killed a purple ugly thing
  3245 | D:12     | Killed a five-headed hydra
  3245 | D:12     | Reached skill level 7 in Invocations
  3269 | D:13     | Reached skill level 7 in Fighting
  3269 | D:13     | Reached skill level 8 in Dodging
  3375 | D:13     | Noticed a two-headed ogre
  3380 | D:13     | Killed a two-headed ogre
  3425 | D:13     | Noticed a centaur warrior
  3428 | D:13     | Killed a centaur warrior
  3428 | D:13     | Reached XP level 12. HP: 91/91 MP: 22/22
  3460 | D:13     | Reached ***** piety under Cheibriados
  3465 | D:13     | Reached skill level 7 in Transmutations
  3522 | D:12     | Noticed a two-headed ogre
  3544 | D:12     | Reached skill level 7 in Short Blades
  3544 | D:12     | Reached skill level 7 in Long Blades
  3544 | D:12     | Reached skill level 7 in Axes
  3544 | D:12     | Reached skill level 7 in Maces & Flails
  3544 | D:12     | Reached skill level 7 in Polearms
  3544 | D:12     | Reached skill level 7 in Staves
  3544 | D:12     | Reached skill level 7 in Slings
  3544 | D:12     | Reached skill level 7 in Bows
  3544 | D:12     | Reached skill level 7 in Crossbows
  3544 | D:12     | Reached skill level 7 in Throwing
  3544 | D:12     | Reached skill level 7 in Armour
  3544 | D:12     | Reached skill level 7 in Stealth
  3544 | D:12     | Reached skill level 7 in Shields
  3544 | D:12     | Reached skill level 7 in Evocations
  3550 | D:12     | Killed a two-headed ogre
  3734 | D:12     | Identified a scroll of acquirement
  3753 | D:12     | Identified the +7 plate armour of Beyond {rElec Stlth+} (You took it off an orc warrior on level 11 of the Dungeon)
  3864 | D:12     | Reached skill level 6 in Conjurations
  3864 | D:12     | Reached skill level 6 in Hexes
  3864 | D:12     | Reached skill level 6 in Charms
  3864 | D:12     | Reached skill level 6 in Summonings
  3864 | D:12     | Reached skill level 6 in Necromancy
  3864 | D:12     | Reached skill level 6 in Translocations
  3864 | D:12     | Reached skill level 6 in Fire Magic
  3864 | D:12     | Reached skill level 6 in Ice Magic
  3864 | D:12     | Reached skill level 6 in Air Magic
  3864 | D:12     | Reached skill level 6 in Earth Magic
  3864 | D:12     | Reached skill level 6 in Poison Magic
  3939 | D:12     | Reached skill level 8 in Invocations
  4111 | D:9      | Bought a book of Transfigurations for 660 gold pieces
  4118 | D:9      | Learned a level 6 spell: Statue Form
  4193 | Lair:1   | Entered Level 1 of the Lair of Beasts
  4195 | Lair:1   | Noticed Nergalle
  4209 | Lair:1   | Killed Nergalle
  4209 | Lair:1   | Reached skill level 9 in Spellcasting
  4375 | Lair:3   | Reached skill level 8 in Fighting
  4375 | Lair:3   | Reached skill level 10 in Unarmed Combat
  4503 | Lair:2   | Reached skill level 9 in Dodging
  4540 | Lair:4   | Noticed Kirke
  4623 | Lair:3   | Reached ****** piety under Cheibriados
  4627 | Lair:3   | Noticed a sphinx
  4628 | Lair:3   | Killed Kirke
  4628 | Lair:3   | Reached XP level 13. HP: 87/98 MP: 18/23
  4792 | Lair:6   | Entered Level 6 of the Lair of Beasts
  4863 | Lair:6   | Reached skill level 8 in Short Blades
  4863 | Lair:6   | Reached skill level 8 in Long Blades
  4863 | Lair:6   | Reached skill level 8 in Axes
  4863 | Lair:6   | Reached skill level 8 in Maces & Flails
  4863 | Lair:6   | Reached skill level 8 in Polearms
  4863 | Lair:6   | Reached skill level 8 in Staves
  4863 | Lair:6   | Reached skill level 8 in Slings
  4863 | Lair:6   | Reached skill level 8 in Bows
  4863 | Lair:6   | Reached skill level 8 in Crossbows
  4863 | Lair:6   | Reached skill level 8 in Throwing
  4863 | Lair:6   | Reached skill level 8 in Armour
  4863 | Lair:6   | Reached skill level 8 in Stealth
  4863 | Lair:6   | Reached skill level 8 in Shields
  4863 | Lair:6   | Reached skill level 8 in Evocations
  4918 | Lair:6   | Reached skill level 9 in Invocations
  4931 | Lair:6   | Found a staircase to the Slime Pits.
  4955 | Lair:6   | Reached skill level 8 in Transmutations
  4967 | Lair:6   | Reached skill level 7 in Conjurations
  4967 | Lair:6   | Reached skill level 7 in Hexes
  4967 | Lair:6   | Reached skill level 7 in Charms
  4967 | Lair:6   | Reached skill level 7 in Summonings
  4967 | Lair:6   | Reached skill level 7 in Necromancy
  4967 | Lair:6   | Reached skill level 7 in Translocations
  4967 | Lair:6   | Reached skill level 7 in Fire Magic
  4967 | Lair:6   | Reached skill level 7 in Ice Magic
  4967 | Lair:6   | Reached skill level 7 in Air Magic
  4967 | Lair:6   | Reached skill level 7 in Earth Magic
  4967 | Lair:6   | Reached skill level 7 in Poison Magic
  5012 | Lair:6   | Found a large runed door.
  5012 | Lair:6   | Found a large runed door.
  5038 | Lair:6   | Noticed a fire dragon
  5044 | Lair:6   | Killed a fire dragon
  5044 | Lair:6   | Reached skill level 9 in Fighting
  5094 | Lair:6   | Reached skill level 10 in Spellcasting
  5120 | Lair:6   | Reached XP level 14. HP: 108/108 MP: 18/25
  5147 | Lair:6   | Learned a level 5 spell: Irradiate
  5226 | Lair:4   | Reached skill level 10 in Dodging
  5429 | Lair:2   | Found a staircase to the Shoals.
  5461 | Shoals:1 | Entered Level 1 of the Shoals
  5569 | Shoals:2 | Reached skill level 11 in Unarmed Combat
  5570 | Shoals:2 | Reached skill level 9 in Short Blades
  5570 | Shoals:2 | Reached skill level 9 in Long Blades
  5570 | Shoals:2 | Reached skill level 9 in Axes
  5570 | Shoals:2 | Reached skill level 9 in Maces & Flails
  5570 | Shoals:2 | Reached skill level 9 in Polearms
  5570 | Shoals:2 | Reached skill level 9 in Staves
  5570 | Shoals:2 | Reached skill level 9 in Slings
  5570 | Shoals:2 | Reached skill level 9 in Bows
  5570 | Shoals:2 | Reached skill level 9 in Crossbows
  5570 | Shoals:2 | Reached skill level 9 in Throwing
  5570 | Shoals:2 | Reached skill level 9 in Armour
  5570 | Shoals:2 | Reached skill level 9 in Stealth
  5570 | Shoals:2 | Reached skill level 9 in Shields
  5570 | Shoals:2 | Reached skill level 9 in Evocations
  5748 | Shoals:4 | Entered Level 4 of the Shoals
  5765 | Shoals:4 | Reached skill level 10 in Invocations
  5864 | Shoals:4 | Got a barnacled rune of Zot
  5941 | Shoals:4 | Reached skill level 8 in Conjurations
  5941 | Shoals:4 | Reached skill level 8 in Hexes
  5941 | Shoals:4 | Reached skill level 8 in Charms
  5941 | Shoals:4 | Reached skill level 8 in Summonings
  5941 | Shoals:4 | Reached skill level 8 in Necromancy
  5941 | Shoals:4 | Reached skill level 8 in Translocations
  5941 | Shoals:4 | Reached skill level 8 in Fire Magic
  5941 | Shoals:4 | Reached skill level 8 in Ice Magic
  5941 | Shoals:4 | Reached skill level 8 in Air Magic
  5941 | Shoals:4 | Reached skill level 8 in Earth Magic
  5941 | Shoals:4 | Reached skill level 8 in Poison Magic
  5942 | Shoals:4 | Reached XP level 15. HP: 77/115 MP: 14/26
  5951 | Shoals:4 | Reached skill level 9 in Transmutations
  5973 | Shoals:4 | Reached skill level 10 in Fighting
  6014 | Shoals:3 | Identified Peutoja's Spellweaving Continued
  6025 | Shoals:3 | Learned a level 3 spell: Lesser Beckoning
  6256 | Lair:2   | Noticed Fannar
  6276 | Lair:2   | Killed Fannar
  6429 | Lair:4   | Found a staircase to the Snake Pit.
  6462 | Lair:5   | Reached skill level 11 in Spellcasting
  6494 | Snake:1  | Entered Level 1 of the Snake Pit
  6545 | Snake:1  | Reached skill level 10 in Short Blades
  6545 | Snake:1  | Reached skill level 10 in Long Blades
  6545 | Snake:1  | Reached skill level 10 in Axes
  6545 | Snake:1  | Reached skill level 10 in Maces & Flails
  6545 | Snake:1  | Reached skill level 10 in Polearms
  6545 | Snake:1  | Reached skill level 10 in Staves
  6545 | Snake:1  | Reached skill level 10 in Slings
  6545 | Snake:1  | Reached skill level 10 in Bows
  6545 | Snake:1  | Reached skill level 10 in Crossbows
  6545 | Snake:1  | Reached skill level 10 in Throwing
  6545 | Snake:1  | Reached skill level 10 in Armour
  6545 | Snake:1  | Reached skill level 10 in Stealth
  6545 | Snake:1  | Reached skill level 10 in Shields
  6545 | Snake:1  | Reached skill level 10 in Evocations
  6551 | Snake:2  | Noticed Jorgrun
  6562 | Snake:2  | Killed Jorgrun
  6562 | Snake:2  | Reached skill level 11 in Dodging
  6659 | Snake:2  | Reached skill level 11 in Invocations
  6768 | Snake:3  | Got a scorched scale mail
  6779 | Snake:3  | Identified the +6 scale mail of the Ward {+Inv rPois} (You found it on level 3 of the Snake Pit)
  6791 | Snake:3  | Reached skill level 12 in Unarmed Combat
  6816 | Snake:4  | Entered Level 4 of the Snake Pit
  6820 | Snake:4  | Reached XP level 16. HP: 124/124 MP: 22/28
  6931 | Snake:4  | Noticed Nikola
  6945 | Snake:4  | Killed Nikola
  6947 | Snake:4  | Lost mutation: You have sharp toenails. [potion of mutation]
  6947 | Snake:4  | Lost mutation: Your magical capacity is low. (-10% MP) [potion of mutation]
  6947 | Snake:4  | Gained mutation: Scrolls take you a little longer to read. [potion of mutation]
  6947 | Snake:4  | Lost mutation: Scrolls take you a little longer to read. [potion of mutation]
  6947 | Snake:4  | Gained mutation: Your mind is acute. (Int +2) [potion of mutation]
  6947 | Snake:4  | Gained mutation: Your muscles are strong. (Str +2) [potion of mutation]
  6956 | Snake:4  | Noticed VLARC's ghost (adept HaHu)
  6967 | Snake:4  | Killed VLARC's ghost
  7003 | Snake:4  | Noticed a nagaraja
  7007 | Snake:4  | Found Osazir's Antique Armour Shop.
  7008 | Snake:4  | Noticed Mara
  7010 | Snake:4  | Killed Mara
  7010 | Snake:4  | Reached skill level 9 in Conjurations
  7010 | Snake:4  | Reached skill level 9 in Hexes
  7010 | Snake:4  | Reached skill level 9 in Charms
  7010 | Snake:4  | Reached skill level 9 in Summonings
  7010 | Snake:4  | Reached skill level 9 in Necromancy
  7010 | Snake:4  | Reached skill level 9 in Translocations
  7010 | Snake:4  | Reached skill level 9 in Fire Magic
  7010 | Snake:4  | Reached skill level 9 in Ice Magic
  7010 | Snake:4  | Reached skill level 9 in Air Magic
  7010 | Snake:4  | Reached skill level 9 in Earth Magic
  7010 | Snake:4  | Reached skill level 9 in Poison Magic
  7017 | Snake:4  | Reached skill level 11 in Fighting
  7072 | Snake:4  | Noticed a nagaraja
  7084 | Snake:4  | Killed a nagaraja
  7090 | Snake:4  | HP: 14/162 [naga sharpshooter/bolt (10)]
  7127 | Snake:4  | Reached skill level 10 in Transmutations
  7151 | Snake:4  | Killed a nagaraja
  7166 | Snake:4  | Noticed a nagaraja
  7172 | Snake:4  | Killed a nagaraja
  7215 | Snake:4  | Noticed a nagaraja
  7220 | Snake:4  | Noticed a nagaraja
  7227 | Snake:4  | Killed a nagaraja
  7231 | Snake:4  | Reached skill level 11 in Short Blades
  7231 | Snake:4  | Reached skill level 11 in Long Blades
  7231 | Snake:4  | Reached skill level 11 in Axes
  7231 | Snake:4  | Reached skill level 11 in Maces & Flails
  7231 | Snake:4  | Reached skill level 11 in Polearms
  7231 | Snake:4  | Reached skill level 11 in Staves
  7231 | Snake:4  | Reached skill level 11 in Slings
  7231 | Snake:4  | Reached skill level 11 in Bows
  7231 | Snake:4  | Reached skill level 11 in Crossbows
  7231 | Snake:4  | Reached skill level 11 in Throwing
  7231 | Snake:4  | Reached skill level 11 in Armour
  7231 | Snake:4  | Reached skill level 11 in Stealth
  7231 | Snake:4  | Reached skill level 11 in Shields
  7231 | Snake:4  | Reached skill level 11 in Evocations
  7254 | Snake:4  | Noticed a nagaraja
  7256 | Snake:4  | Killed a nagaraja
  7261 | Snake:4  | Reached skill level 12 in Spellcasting
  7262 | Snake:4  | Reached XP level 17. HP: 55/131 MP: 21/33
  7274 | Snake:4  | Reached skill level 12 in Invocations
  7305 | Snake:4  | Got a serpentine rune of Zot
  7435 | Snake:3  | Reached skill level 12 in Dodging
  7439 | Snake:3  | Got a clouded gossamer ring
  7474 | Snake:3  | Identified the ring "Syihul" {Int+3 Stlth-} (You took it off a naga ritualist on level 3 of the Snake Pit)
  7718 | Lair:6   | Learned a level 4 spell: Summon Ice Beast
  7720 | Slime:1  | Entered Level 1 of the Pits of Slime
  7720 | Slime:1  | Noticed an acid blob
  7729 | Slime:1  | Killed an acid blob
  7738 | Slime:1  | Gained mutation: Your magical capacity is low. (-10% MP) [a shining eye]
  7752 | Slime:2  | Gained mutation: Scrolls take you a little longer to read. [a shining eye]
  7753 | Slime:2  | Gained mutation: Your magical capacity is very low. (-20% MP) [a shining eye]
  7754 | Slime:2  | Noticed an acid blob
  7755 | Slime:2  | Noticed an acid blob
  7760 | Slime:2  | Killed an acid blob
  7761 | Slime:2  | Killed an acid blob
  7771 | Slime:2  | Noticed an acid blob
  7777 | Slime:2  | HP: 7/172 [large slime creature (34)]
  7778 | Slime:2  | Slain by an acid blob

Skill      XL: |  1  2  3  4  5  6  7  8  9 10 11 12 13 14 15 16 17 |
---------------+----------------------------------------------------+-----
Spellcasting   | 5 6 7 8 9 10 11 12 | 12.3
Short Blades   | 1 2 3 4 5 6 7 8 9 10 11 | 11.4
Long Blades    | 1 2 3 4 5 6 7 8 9 10 11 | 11.4
Axes           | 1 2 3 4 5 6 7 8 9 10 11 | 11.4
Maces & Flails | 1 2 3 4 5 6 7 8 9 10 11 | 11.4
Polearms       | 1 2 3 4 5 6 7 8 9 10 11 | 11.4
Staves         | 1 2 3 4 5 6 7 8 9 10 11 | 11.4
Slings         | 1 2 3 4 5 6 7 8 9 10 11 | 11.4
Bows           | 1 2 3 4 5 6 7 8 9 10 11 | 11.4
Crossbows      | 1 2 3 4 5 6 7 8 9 10 11 | 11.4
Throwing       | 1 2 3 4 5 6 7 8 9 10 11 | 11.4
Armour         | 1 2 3 4 5 6 7 8 9 10 11 | 11.4
Stealth        | 1 2 3 4 5 6 7 8 9 10 11 | 11.4
Shields        | 1 2 3 4 5 6 7 8 9 10 11 | 11.4
Invocations    | 1 2 3 4 5 6 7 8 9 10 11 12 | 12.3
Evocations     | 1 2 3 4 5 6 7 8 9 10 11 | 11.4
Fighting       | 3 4 5 6 7 8 9 10 11 | 11.6
Conjurations   | 1 2 3 4 5 6 7 8 9 |  9.7
Hexes          | 1 2 3 4 5 6 7 8 9 |  9.7
Charms         | 1 2 3 4 5 6 7 8 9 |  9.7
Summonings     | 1 2 3 4 5 6 7 8 9 |  9.7
Necromancy     | 1 2 3 4 5 6 7 8 9 |  9.7
Translocations | 1 2 3 4 5 6 7 8 9 |  9.7
Fire Magic     | 1 2 3 4 5 6 7 8 9 |  9.7
Ice Magic      | 1 2 3 4 5 6 7 8 9 |  9.7
Air Magic      | 1 2 3 4 5 6 7 8 9 |  9.7
Earth Magic    | 1 2 3 4 5 6 7 8 9 |  9.7
Poison Magic   | 1 2 3 4 5 6 7 8 9 |  9.7
Dodging        | 5 6 7 8 9 10 11 12 | 12.1
Transmutations | 4 5 6 7 8 9 10 | 10.4
Unarmed Combat | 7 8 9 10 11 12 | 12.9

Action                   |  1- 3 |  4- 6 |  7- 9 | 10-12 | 13-15 | 16-18 || total
-------------------------+-------+-------+-------+-------+-------+-------++-------
Melee: Unarmed           |    38 |    57 |   159 |   137 |     2 |    29 ||   422
       Bite              |     3 |       |     3 |    29 |    65 |    40 ||   140
       Headbutt          |     3 |       |       |       |       |       ||     3
       Kick              |     2 |       |    12 |    34 |   167 |     5 ||   220
       Rapier            |       |       |    46 |   150 |   399 |   147 ||   742
       Punch             |       |       |     2 |     6 |       |       ||     8
 Fire: Hand crossbow     |       |       |       |    12 |       |       ||    12
Throw: Stone             |       |       |     1 |     1 |       |       ||     2
       Tomahawk          |       |       |     1 |    17 |    13 |       ||    31
       Throwing net      |       |       |       |     2 |       |       ||     2
       Javelin           |       |       |       |       |     5 |    58 ||    63
 Cast: Beastly Appendage |     6 |       |       |       |       |       ||     6
       Sticks to Snakes  |     4 |     6 |    16 |    25 |     6 |     6 ||    63
       Spider Form       |     1 |    10 |       |       |       |       ||    11
       Ice Form          |       |       |    14 |     5 |     1 |       ||    20
       Blade Hands       |       |       |       |    11 |       |       ||    11
       Statue Form       |       |       |       |     3 |    38 |    13 ||    54
       Irradiate         |       |       |       |       |     9 |    17 ||    26
       Lesser Beckoning  |       |       |       |       |     1 |       ||     1
Invok: Bend Time         |       |       |       |     2 |     2 |     1 ||     5
       Slouch            |       |       |       |       |    11 |     9 ||    20
 Abil: Evoke Invisibilit |       |       |     3 |     7 |     3 |       ||    13
       End Transformatio |       |       |     1 |    10 |     1 |       ||    12
Evoke: Wand              |       |       |       |     4 |    37 |    22 ||    63
       Lamp of fire      |       |       |       |       |       |     1 ||     1
       Phial of floods   |       |       |       |       |       |     1 ||     1
  Use: Potion            |       |       |     9 |     7 |     1 |     5 ||    22
       Scroll            |       |       |    11 |     8 |     9 |     3 ||    31
 Stab: Sleeping          |       |     2 |     7 |    34 |    16 |     8 ||    67
       Distracted        |       |       |     3 |     4 |     5 |     1 ||    13
       Invisible         |       |       |     2 |    13 |    10 |       ||    25
       Confused          |       |       |       |     3 |       |       ||     3
       Paralysed         |       |       |       |       |     3 |     3 ||     6
  Eat: Ration            |     1 |       |     2 |     2 |     3 |     3 ||    11
       Chunk             |       |       |     1 |     2 |     6 |       ||     9
Armor: Robe              |     2 |       |     8 |     7 |       |       ||    17
       Skin              |       |     3 |    20 |    23 |   153 |    80 ||   279
       Ring mail         |       |       |       |    16 |     4 |       ||    20
       Scale mail        |       |       |       |       |       |     2 ||     2
Dodge: Dodged            |    15 |    38 |   105 |   213 |   479 |   206 ||  1056
Block: Other             |       |     2 |    19 |    15 |       |       ||    36
       Buckler           |       |       |       |    49 |   352 |    56 ||   457
       Reflection        |       |       |       |     3 |    35 |    30 ||    68
       Shield            |       |       |       |       |       |   172 ||   172

Table legend:
 A = Turns spent in this place as a percentage of turns spent in the entire game.
 B = Non-inter-level travel turns spent in this place as a percentage of non-inter-level travel turns spent in the entire game.
 C = Inter-level travel turns spent in this place as a percentage of turns spent in this place.
 D = Turns resting spent in this place as a percentage of non-inter-level travel turns spent in this place.
 E = Turns spent auto-exploring this place as a percentage of non-inter-level travel turns spent in this place.
 F = Non-inter-level travel turns spent in this place divided by the number of levels of this place that you've seen.
                   A       B       C       D       E      F
               +-------+-------+-------+-------+-------+----------------------
         Total | 100.0 | 100.0 |   3.3 |   0.5 |   0.0 | 242.7
       Dungeon |  53.2 |  52.4 |   4.8 |   0.0 |   0.0 | 281.4
        Temple |   0.7 |   0.5 |  25.9 |   0.0 |   0.0 |  40.0
          Lair |  21.0 |  21.1 |   2.5 |   2.5 |   0.0 | 264.8
        Shoals |   9.8 |  10.1 |   0.0 |   0.0 |   0.0 | 190.5
     Snake Pit |  14.6 |  15.1 |   0.0 |   0.0 |   0.0 | 283.8
    Slime Pits |   0.7 |   0.8 |   0.0 |   0.0 |   0.0 |  29.0
               +-------+-------+-------+-------+-------+----------------------

Table legend:
 A = Kills in this place as a percentage of kills in entire the game.
 B = Kills by you in this place as a percentage of kills by you in the entire game.
 C = Kills by friends in this place as a percentage of kills by friends in the entire game.
 D = Other kills in this place as a percentage of other kills in the entire game.
 E = Experience gained in this place as a percentage of experience gained in the entire game.
 F = Experience gained in this place divided by the number of levels of this place that you have seen.
                   A       B       C       D       E      F
               +-------+-------+-------+-------+-------+----------------------
         Total | 100.0 | 100.0 | 100.0 | 100.0 | 100.0 | 6897.3
       Dungeon |  39.4 |  38.3 |  88.9 |   0.0 |  12.1 | 1854.4
          Lair |  22.5 |  23.2 |   5.6 |  14.3 |  19.8 | 7047.2
        Shoals |  10.7 |  10.6 |   0.0 |  42.9 |  16.3 | 8688.2
     Snake Pit |  23.9 |  24.3 |   5.6 |  42.9 |  44.6 | 23828.5
    Slime Pits |   3.4 |   3.6 |   0.0 |   0.0 |   7.3 | 7752.5
               +-------+-------+-------+-------+-------+----------------------

Vault maps used:
D:1:      shiori_arrival_elements
D:2:      chequers_ecumenical_altar_twisty, first_ration, uniq_jessica,
          uniq_robin
D:4:      serial_shops, kennysheep_mini, st_stairs_5, fedhas_altar_3,
          uniq_sigmund, uniq_menkaure
D:5:      serial_shops, nicolae_shop_overgrown_old_shop, shop_fountains, shop,
          shop_statue, nicolae_shop_behind_doors, basic_altar
D:6:      minmay_temple_entry_glassed_door, gup_sewer_entry_spiral,
          serial_shops, shop, shop, uniq_blork_the_orc
D:7:      serial_shops, shop_statue
D:8:      zin_treasury, basic_altar
D:9:      grunt_livestock, nicolae_transmutations_shop
D:10:     minmay_lair_entry_lava, enter_bailey_3, special_room,
          nicolae_ashenzari_panopticon, uniq_psyche
D:11:     evilmike_iron_armoury, orc_0_dummy
D:12:     hangedman_tell_no_tales
D:14:     kennysheep_four_of_diamonds, david_vaults_4,
          nicolae_gozag_seed_capital, item_on_display_a
Temple:   compressed_dpeg_triangle_lava_temple
Lair:1:   uniq_nergalle
Lair:2:   minmay_shoals_entry_beasts, st_stairs_7, minmay_lair_oklob_bushes,
          uniq_fannar
Lair:3:   lemuel_fruit_tree, grunt_megastairs_2
Lair:4:   dummy_snake_entry, uniq_kirke
Lair:5:   enter_volcano_2, uniq_snorg
Lair:6:   cheibrodos_lair_end_hotspot, nicolae_slime_entry_slimehenge,
          nicolae_quartered_pool_little
Shoals:2: serial_shops, shop
Shoals:4: shoals_end_simple, shoals_ilsuiw_alternative
Snake:1:  grunt_ministairs_11, nicolae_coiled_stairwell_down, uniq_aizul,
          uniq_agnes, uniq_roxanne
Snake:2:  uniq_jorgrun
Snake:4:  snake_pit, serial_shops, nicolae_shop_trees, uniq_mara, uniq_nikola
